[Event "Titled Tuesday Blitz March 14 Early 2023"]
[White "Samant Aditya S"]
[Black "Tarasova, Viktoriya"]
[WhiteFideId "35080580"]
[BlackFideId "4175840"]
[WhiteElo "2362"]
[BlackElo "2182"]
[Result "1-0"]
[Round "06"]
[TimeControl "180+2"]
[Date "2023.03.14"]
[WhiteClock "0:00:08"]
[BlackClock "0:00:19"]

1. Nf3 Nf6 2. b3 d5 3. Bb2 c5 4. e3 Nc6 5. Bb5 e6 6. O-O Bd6 7. Ne5 Qc7 8. f4 O-O 9. Bxc6 bxc6 10. d3 Nd7 11. Nxd7 Bxd7 12. Nd2 f6 13. Qh5 Rae8 14. Rf3 g6 15. Qh6 Bc8 16. e4 Qg7 17. Qxg7+ Kxg7 18. e5 fxe5 19. Bxe5+ Bxe5 20. fxe5 Rxf3 21. Nxf3 h6 22. Kf2 Ba6 23. c4 Rd8 24. Ke3 g5 25. Nd2 Kg6 26. Rf1 Kg7 27. Rf6 Bc8 28. g3 Rf8 29. Rxf8 Kxf8 30. Nb1 Ke7 31. Ke2 d4 32. Nd2 Kf7 33. Ne4 Kg6 34. g4 h5 35. h3 hxg4 36. hxg4 Bd7 37. Nxc5 Bc8 38. Kf3 Kg7 39. Ke4 Kf7 40. Kxd4 1-0


[Site "https://www.chess.com"]

[Event "Titled Tuesday Blitz March 14 Early 2023"]
[White "Agasarov, Benik"]
[Black "Klepikov, Nikita"]
[WhiteFideId "13314823"]
[BlackFideId "24145220"]
[WhiteElo "2179"]
[BlackElo "2025"]
[Result "1-0"]
[Round "06"]
[TimeControl "180+2"]
[Date "2023.03.14"]
[WhiteClock "0:01:14"]
[BlackClock "0:00:01"]

1. d4 Nf6 2. c4 d6 3. Nf3 Nbd7 4. Nc3 e5 5. g3 g6 6. Bg2 Bg7 7. O-O O-O 8. e4 exd4 9. Nxd4 Re8 10. Re1 Nc5 11. Qc2 Ng4 12. Nb3 Nxb3 13. axb3 Bd4 14. Nd1 f5 15. h3 Nf6 16. Bg5 h6 17. Bxh6 fxe4 18. Nc3 Bf5 19. Nxe4 Nxe4 20. Bxe4 Rxe4 21. Rxe4 Qf6 22. Rae1 g5 23. Qd2 Bxe4 24. Rxe4 Bxf2+ 25. Qxf2 Qxh6 26. Re7 Rf8 27. Qd4 Rf6 28. Rxc7 Qf8 29. Qe3 Rf1+ 30. Kg2 Qf5 31. Qe8+ Qf8 32. Qg6+ 1-0


[Site "https://www.chess.com"]

[Event "Titled Tuesday Blitz March 14 Early 2023"]
[White "Perez Rodriguez, Jennifer"]
[Black "Ozates, Tuna"]
[WhiteFideId "3507831"]
[BlackFideId "6354521"]
[WhiteElo "2170"]
[BlackElo "2151"]
[Result "0-1"]
[Round "06"]
[TimeControl "180+2"]
[Date "2023.03.14"]
[WhiteClock "0:00:04"]
[BlackClock "0:00:20"]

1. e4 c5 2. c3 d5 3. exd5 Nf6 4. d4 cxd4 5. Qxd4 Qxd5 6. Qxd5 Nxd5 7. Nf3 a6 8. Na3 Nc6 9. Nc4 Bf5 10. Ne3 Be4 11. Ng5 Nxe3 12. Bxe3 Bg6 13. O-O-O h6 14. Nf3 e6 15. Bd3 Bh5 16. Be4 Rc8 17. h3 f5 18. Bc2 Bxf3 19. gxf3 Be7 20. Bb3 Kf7 21. Rd7 b5 22. Re1 Rhd8 23. Rxd8 Nxd8 24. Bb6 Rc6 25. Bd4 Nb7 26. f4 a5 27. a4 b4 28. Kd2 Bc5 29. Kd3 Rd6 30. Kc4 Bxd4 31. cxd4 Rd5 32. Re5 Nd6+ 33. Kd3 Rxe5 34. dxe5 Ne4 35. Kc4 Nd2+ 36. Kd3 Nxb3 37. Kc4 Nd2+ 38. Kb5 Ke7 39. Kxa5 Nc4+ 40. Kxb4 Nxb2 41. a5 Kd7 42. Kc5 Kc7 43. a6 Nd3+ 44. Kb5 Nxf4 45. a7 Kb7 46. a8=Q+ Kxa8 47. Kc6 Nxh3 48. Kd6 Nf4 49. Ke7 h5 0-1


[Site "https://www.chess.com"]

[Event "Titled Tuesday Blitz March 14 Early 2023"]
[White "Pranav, V"]
[Black "Fiorito, Joaquin"]
[WhiteFideId "25060783"]
[BlackFideId "180173"]
[WhiteElo "2500"]
[BlackElo "2157"]
[Result "1-0"]
[Round "06"]
[TimeControl "180+2"]
[Date "2023.03.14"]
[WhiteClock "0:02:13"]
[BlackClock "0:01:13"]

1. e4 c6 2. d4 d5 3. e5 Bf5 4. Nf3 e6 5. Be2 c5 6. c3 Nc6 7. O-O Bg4 8. Nbd2 Nh6 9. h3 Bxf3 10. Nxf3 cxd4 11. Bxh6 gxh6 12. cxd4 Qb6 13. Rc1 Be7 14. Qd2 Bg5 15. Nxg5 hxg5 16. Qxg5 Nxd4 17. Bh5 Nc6 18. Bxf7+ Kxf7 19. Qf6+ Kg8 20. Rc3 1-0


[Site "https://www.chess.com"]

[Event "Titled Tuesday Blitz March 14 Early 2023"]
[White "Jeet, Jain"]
[Black "Hambleton, Aman"]
[WhiteFideId "5073022"]
[BlackFideId "2606577"]
[WhiteElo "2067"]
[BlackElo "2511"]
[Result "0-1"]
[Round "06"]
[TimeControl "180+2"]
[Date "2023.03.14"]
[WhiteClock "0:00:09"]
[BlackClock "0:00:06"]

1. Nf3 d5 2. b3 c6 3. Bb2 Bf5 4. e3 e6 5. d4 Nf6 6. Bd3 Bd6 7. O-O Nbd7 8. c4 Qb8 9. Nc3 O-O 10. h3 Ne4 11. Bxe4 dxe4 12. Nd2 Nf6 13. Qc2 Bb4 14. a3 Bxc3 15. Bxc3 h6 16. b4 Re8 17. a4 Qd6 18. Qb3 Nd7 19. Qc2 e5 20. c5 Qg6 21. Kh2 exd4 22. Bxd4 Ne5 23. Bxe5 Rxe5 24. Nc4 Rd5 25. Nd6 b6 26. Rfd1 Be6 27. Qxe4 Rxd6 28. Qxg6 Rxd1 29. Qxe6 Rxa1 30. Qxc6 Rf8 31. cxb6 axb6 32. e4 Ra2 33. f4 Ra3 34. e5 Rb8 35. f5 Kh8 36. Qc7 Rf8 37. f6 gxf6 38. exf6 Rg8 39. Qf4 Rg6 40. h4 Ra2 41. Qf3 Rxa4 42. h5 Rg5 43. Qb3 Rxh5+ 44. Kg3 Rg5+ 45. Kh4 Ra7 46. Qe3 Ra8 47. Qe7 Kg8 48. g4 Rf8 49. Qe3 b5 50. Qe4 Rd8 51. Qe7 Rf8 52. Qd7 Rg6 53. Qd6 Re8 54. Qc6 Re6 55. Qxb5 Rexf6 56. Qb8+ Kg7 57. b5 Rb6 58. Qe5+ Kg8 59. Qe8+ Kg7 60. Qe5+ Kh7 61. Qe8 Rbf6 62. Kh3 Rf3+ 63. Kh4 Rf4 64. Kh3 Rf3+ 65. Kh4 Rf1 66. Qe4 Kg7 67. Qd4+ Rgf6 68. b6 Rb1 69. b7 Rxb7 70. Qe5 Rb6 71. Qd4 Rd6 72. Qe5 Re6 73. Qb2 Re4 74. Qc3 Rf4 75. Qb2 Rf2 76. Qc3 Rf3 77. Qd4 Kg8 78. Qd8+ Kh7 79. Qd4 R3f4 80. Qe5 Rf1 81. Qe4+ Rg6 82. Qd4 Rf3 83. Qe4 Rf2 84. Qd4 Rff6 85. Qe4 Rd6 86. Kh5 Kg7 87. Kh4 Rde6 88. Qd4+ Kg8 89. Qd8+ Kh7 90. Qd4 Rg5 91. Qf4 Kg7 92. Qd4+ Kg8 93. Qd8+ Kh7 94. Qd7 Rf6 95. Qd3+ Rfg6 96. Kh3 Rxg4 97. Qd7 Rg3+ 98. Kh2 Kg7 99. Qd4+ Kg8 100. Qd8+ Kh7 101. Qd7 Rg7 102. Qd6 R3g6 103. Qd3 Rg8 104. Qc4 Kg7 105. Qd4+ Kh7 106. Qd3 Re8 107. Qf5 Kg7 108. Qd3 Re5 109. Qd4 Rg5 110. Kh3 Kg6 111. Qd3+ Ref5 112. Qd6+ Rf6 113. Qd3+ Kg7 114. Qd4 Rf5 115. Kg2 Kg6 116. Qd3 Kh7 117. Kg3 Rg6+ 118. Kh4 Rf4+ 119. Kh3 h5 120. Qd5 Rfg4 121. Qxh5+ Kg7 122. Qxg4 Rxg4 123. Kxg4 Kg6 124. Kh3 Kh5 125. Kg3 Kg5 126. Kf3 Kf5 127. Kg3 Ke4 128. Kg4 f5+ 129. Kg3 Ke3 130. Kh4 f4 131. Kg4 f3 0-1


[Site "https://www.chess.com"]

[Event "Titled Tuesday Blitz March 14 Early 2023"]
[White "Gontcharov, Vladislav"]
[Black "Santos Ruiz, Miguel"]
[WhiteFideId "4123492"]
[BlackFideId "22291482"]
[WhiteElo "2470"]
[BlackElo "2504"]
[Result "1-0"]
[Round "06"]
[TimeControl "180+2"]
[Date "2023.03.14"]
[WhiteClock "0:00:48"]
[BlackClock "0:00:10"]

1. e4 c6 2. d4 d5 3. Nc3 dxe4 4. Nxe4 Nf6 5. Nxf6+ exf6 6. c3 Bd6 7. Bd3 O-O 8. Ne2 Re8 9. O-O Nd7 10. Bf4 Nf8 11. Bxd6 Qxd6 12. Qd2 Ng6 13. Ng3 Be6 14. Rfe1 Qd7 15. f4 Nh4 16. Re3 Bd5 17. Bf1 Rxe3 18. Qxe3 Re8 19. Qf2 f5 20. c4 Be6 21. Rd1 Rd8 22. d5 cxd5 23. cxd5 Bxd5 24. Bc4 Bxc4 25. Rxd7 Rxd7 26. Qc2 b5 27. b3 g5 28. bxc4 gxf4 29. Nh5 Re7 30. cxb5 f3 31. Qc8+ 1-0


[Site "https://www.chess.com"]

[Event "Titled Tuesday Blitz March 14 Early 2023"]
[White "Sokac, Marko"]
[Black "Khoroshev, Nikita"]
[WhiteFideId "14531356"]
[BlackFideId "14200287"]
[WhiteElo "2355"]
[BlackElo "2354"]
[Result "1-0"]
[Round "06"]
[TimeControl "180+2"]
[Date "2023.03.14"]
[WhiteClock "0:00:22"]
[BlackClock "0:00:13"]

1. e4 c5 2. a3 e6 3. b4 cxb4 4. axb4 Bxb4 5. c3 Be7 6. d4 d5 7. e5 f5 8. Nf3 Nh6 9. h4 Nf7 10. Ng5 g6 11. Bb5+ Nc6 12. f4 h6 13. Nf3 a6 14. Be2 b5 15. Bxb5 Qb6 16. Be2 a5 17. Ba3 Ba6 18. Bxe7 Nxe7 19. Nbd2 Bxe2 20. Qxe2 O-O 21. h5 g5 22. fxg5 hxg5 23. h6 g4 24. h7+ Kh8 25. Nh4 Qb2 26. O-O Qxc3 27. Qf2 Rac8 28. Rab1 Rc7 29. Rb6 Rc6 30. Rb7 Rc7 31. Rb6 Nd8 32. Qf4 Rf7 33. Nb3 g3 34. Rc1 Qxc1+ 35. Nxc1 Nec6 36. Qh6 Rg7 37. Ng6+ Rxg6 38. Qxg6 Rxh7 39. Rxc6 Nxc6 40. Qe8+ Kg7 41. Qxc6 Rh4 42. Ne2 Re4 43. Nxg3 Rxd4 44. Qxe6 f4 45. Qf6+ Kg8 46. Nf5 Rd1+ 47. Kf2 Rd2+ 48. Ke1 a4 49. Qg7# 1-0


[Site "https://www.chess.com"]

[Event "Titled Tuesday Blitz March 14 Early 2023"]
[White "Yurovskykh, Oleksandr"]
[Black "Skvortsov, Andrei"]
[WhiteFideId "14134020"]
[BlackFideId "24108600"]
[WhiteElo "2268"]
[BlackElo "2259"]
[Result "1/2-1/2"]
[Round "06"]
[TimeControl "180+2"]
[Date "2023.03.14"]
[WhiteClock "0:00:03"]
[BlackClock "0:00:09"]

1. d4 d5 2. Bf4 h5 3. Nf3 Nf6 4. e3 g6 5. c4 c6 6. Nc3 Bg7 7. h3 a6 8. c5 Nbd7 9. Be2 Nh7 10. O-O f6 11. Bh2 e5 12. e4 exd4 13. Qxd4 O-O 14. exd5 f5 15. Qc4 Kh8 16. Rad1 Qe8 17. Rfe1 Ndf6 18. Bf1 cxd5 19. Rxe8 dxc4 20. Rxf8+ Nxf8 21. Bxc4 Be6 22. Ne5 Bxc4 23. Nxc4 Rc8 24. b4 Ne8 25. Nd5 Rd8 26. Ncb6 Nf6 27. Be5 Ne4 28. Bxg7+ Kxg7 29. f3 Ng3 30. Kf2 h4 31. Re1 g5 32. Re7+ Kg6 33. Rxb7 Re8 34. Re7 Rxe7 35. Nxe7+ Kf6 36. Ned5+ Ke5 37. c6 Ne6 38. c7 Nxc7 39. Nxc7 Nh1+ 40. Kg1 Ng3 41. Nxa6 Ne2+ 42. Kf2 Nc3 43. a4 Kd4 44. b5 Nd1+ 45. Ke2 Ne3 46. Kf2 Nd1+ 47. Kg1 Nc3 48. Nc7 Kc5 49. Ncd5 Ne2+ 50. Kf2 Nd4 51. Ke3 Nc2+ 52. Kd2 Nd4 53. Kd3 Ne6 54. Kc3 Nd4 55. Kd3 Ne6 56. f4 g4 57. hxg4 fxg4 58. f5 h3 59. gxh3 gxh3 60. fxe6 h2 61. e7 h1=Q 62. Nd7+ Kxd5 63. e8=Q Qd1+ 64. Kc3 Qc1+ 65. Kb3 Qb1+ 66. Kc3 Qc1+ 67. Kb4 Qd2+ 68. Kb3 Qd3+ 69. Kb2 Qd2+ 70. Kb3 Qd3+ 71. Kb2 Qd2+ 72. Kb3 1/2-1/2


[Site "https://www.chess.com"]

[Event "Titled Tuesday Blitz March 14 Early 2023"]
[White "Jaskolka, Tomasz"]
[Black "Zamorano, Jorge"]
[WhiteFideId "1170791"]
[BlackFideId "173770"]
[WhiteElo "2155"]
[BlackElo "2331"]
[Result "0-1"]
[Round "06"]
[TimeControl "180+2"]
[Date "2023.03.14"]
[WhiteClock "0:00:14"]
[BlackClock "0:00:33"]

1. e4 c5 2. Nf3 d6 3. b4 b6 4. c3 Bb7 5. bxc5 bxc5 6. e5 e6 7. exd6 Bxd6 8. Bb2 Nf6 9. d4 O-O 10. Bd3 cxd4 11. Nxd4 Bxg2 12. Rg1 Bb7 13. Nd2 Nc6 14. Nc4 Nxd4 15. cxd4 Bxh2 16. Rg5 h6 17. Rb5 Ba6 18. Rc5 Bd6 19. Nxd6 Qxd6 20. Bc2 Rab8 21. Ba3 Rfd8 22. Qf3 Qxd4 23. Rd1 Qh4 24. Ra5 Rxd1+ 25. Kxd1 Qd4+ 26. Kc1 Qa1+ 27. Kd2 Rd8+ 28. Ke3 Qd4# 0-1


[Site "https://www.chess.com"]

[Event "Titled Tuesday Blitz March 14 Early 2023"]
[White "Ginzburg, Yakov"]
[Black "Dehtiarov, Roman"]
[WhiteFideId "4157176"]
[BlackFideId "14186640"]
[WhiteElo "2305"]
[BlackElo "2162"]
[Result "0-1"]
[Round "06"]
[TimeControl "180+2"]
[Date "2023.03.14"]
[WhiteClock "0:00:07"]
[BlackClock "0:00:17"]

1. e4 e5 2. Nf3 Nc6 3. Bb5 a6 4. Bxc6 dxc6 5. O-O f6 6. d4 exd4 7. Nxd4 Bd6 8. Qh5+ g6 9. Qh4 Qe7 10. Nc3 Bd7 11. e5 fxe5 12. Bg5 Qf7 13. Rfe1 Ne7 14. Ne4 h6 15. Rad1 O-O-O 16. Nxd6+ cxd6 17. Bxe7 g5 18. Qe4 Qxe7 19. Nf5 Bxf5 20. Qxf5+ Kb8 21. c4 Rhf8 22. Qg6 Rf6 23. Qe4 Rdf8 24. f3 Rf4 25. Qe2 g4 26. c5 gxf3 27. gxf3 dxc5 28. Qxe5+ Qxe5 29. Rxe5 Rxf3 30. Rxc5 Rg8+ 31. Kh1 Rf2 32. Rg1 Rxg1+ 33. Kxg1 Rxb2 34. Rh5 Rxa2 35. Rxh6 Rb2 36. h4 a5 37. h5 a4 38. Rh8+ Ka7 39. h6 Rb5 40. Rg8 Rh5 41. Rg4 Rxh6 42. Rxa4+ Kb6 43. Ra1 Kc7 44. Kf2 b5 45. Ke3 Kb6 46. Kd4 Rh4+ 47. Kc3 b4+ 48. Kb3 Kb5 49. Rg1 Rh3+ 50. Kb2 c5 51. Rg8 Rh2+ 52. Kb1 Ka4 53. Rg3 c4 54. Rg8 Kb3 55. Rg1 Ka3 56. Rg3+ b3 57. Rg1 c3 58. Ka1 Ra2+ 59. Kb1 c2+ 60. Kc1 Ra1+ 0-1


[Site "https://www.chess.com"]

[Event "Titled Tuesday Blitz March 14 Early 2023"]
[White "Krysa, Leandro"]
[Black "Buksa, Nataliya"]
[WhiteFideId "116807"]
[BlackFideId "14123622"]
[WhiteElo "2485"]
[BlackElo "2316"]
[Result "1-0"]
[Round "06"]
[TimeControl "180+2"]
[Date "2023.03.14"]
[WhiteClock "0:00:10"]
[BlackClock "0:00:05"]

1. e4 c5 2. Nf3 Nc6 3. d4 cxd4 4. Nxd4 e5 5. Nb5 d6 6. c4 Be7 7. N5c3 f5 8. exf5 Bxf5 9. Bd3 Be6 10. O-O Nf6 11. h3 O-O 12. Bg5 Qd7 13. Nd2 Nd4 14. Nde4 Kh8 15. b3 Nxe4 16. Nxe4 Bxg5 17. Nxg5 Bf5 18. Qb1 g6 19. Bxf5 Rxf5 20. Ne4 Raf8 21. f3 Nxf3+ 22. Rxf3 Rxf3 23. gxf3 Rxf3 24. Nf2 Qf7 25. Qc2 Rg3+ 26. Kf1 Rxh3 27. Qe4 Rf3 28. Qe2 Qf5 29. Kg2 e4 30. Rg1 e3 31. Qxf3 exf2 32. Rf1 Qg5+ 33. Qg3 Qf5 34. Rxf2 Qe6 35. Qc3+ Kg8 36. Qf3 Qe7 37. Qd5+ Kg7 38. Qd4+ Kg8 39. Qf4 h5 40. Qg3 Qe4+ 41. Qf3 Qe7 42. Re2 Qd7 43. Qd5+ Kg7 44. Qd4+ Kh7 45. Qe4 Kh6 46. Qe3+ g5 47. Qe6+ Qxe6 48. Rxe6+ Kg7 49. Rxd6 Kf7 50. Rd7+ Kf6 51. Rxb7 g4 52. Rxa7 1-0


[Site "https://www.chess.com"]

[Event "Titled Tuesday Blitz March 14 Early 2023"]
[White "Garakov, Mikhael"]
[Black "Tan, Zhongyi"]
[WhiteFideId "4169034"]
[BlackFideId "8603642"]
[WhiteElo "2347"]
[BlackElo "2519"]
[Result "1-0"]
[Round "06"]
[TimeControl "180+2"]
[Date "2023.03.14"]
[WhiteClock "0:00:20"]
[BlackClock "0:00:25"]

1. e4 c5 2. Nf3 d6 3. d4 cxd4 4. Nxd4 Nf6 5. Nc3 g6 6. Be3 Bg7 7. f3 O-O 8. Qd2 Nc6 9. Bc4 Bd7 10. h4 h5 11. O-O-O Ne5 12. Bb3 Rc8 13. Kb1 Nc4 14. Bxc4 Rxc4 15. b3 Rc8 16. Nde2 b5 17. Bd4 b4 18. Nd5 Nxd5 19. exd5 Bf5 20. Rc1 Qa5 21. Bxg7 Kxg7 22. g4 hxg4 23. fxg4 Bd7 24. h5 Rh8 25. hxg6 f6 26. Qe3 e5 27. dxe6 Bc6 28. Rxh8 Rxh8 29. Nd4 Be8 30. Nf5+ Kxg6 31. Nxd6 Qe5 32. Qd3+ Kg7 33. Nf5+ Kg8 34. Ne7+ Kg7 35. Nf5+ Kg8 36. Qc4 Rh2 37. Qc8 Kf8 38. Qb7 1-0


[Site "https://www.chess.com"]

[Event "Titled Tuesday Blitz March 14 Early 2023"]
[White "Karas, Marek"]
[Black "Kvaloy, Aksel Bu"]
[WhiteFideId "14928558"]
[BlackFideId "1528815"]
[WhiteElo "2233"]
[BlackElo "2208"]
[Result "0-1"]
[Round "06"]
[TimeControl "180+2"]
[Date "2023.03.14"]
[WhiteClock "0:00:03"]
[BlackClock "0:00:26"]

1. d4 Nf6 2. Nf3 e6 3. c4 d5 4. Nc3 Bb4 5. Qa4+ Nc6 6. e3 O-O 7. Bd2 dxc4 8. Bxc4 Bd6 9. Qc2 e5 10. dxe5 Nxe5 11. Nxe5 Bxe5 12. f4 Bxc3 13. Bxc3 Ng4 14. Bd4 c5 15. Bxc5 Re8 16. O-O b6 17. Bd4 Nxe3 18. Bxe3 Rxe3 19. Rad1 Qe7 20. Qd2 Bb7 21. Qd7 Qc5 22. Qxf7+ Kh8 23. Kh1 Re7 24. b4 Qc7 25. Qh5 Qxc4 26. Qg5 Rd7 27. Rfe1 Rxd1 28. Rxd1 h6 29. Qe7 Qc6 30. Qe2 Re8 31. Qf2 Qe4 32. h3 Qe2 33. Rf1 Qd3 34. Kh2 Re2 35. Qg3 Rxg2+ 36. Qxg2 Bxg2 37. Kxg2 Qe4+ 38. Rf3 Qxb4 39. Kg3 Qb2 40. Rf2 Qa3+ 41. Rf3 Qxa2 42. Rf2 Qe6 43. Rf3 a5 44. f5 Qf6 45. Kg4 a4 46. Re3 a3 47. Re6 Qd4+ 48. Kh5 Kh7 49. f6 g6# 0-1


[Site "https://www.chess.com"]

[Event "Titled Tuesday Blitz March 14 Early 2023"]
[White "Weetik, Vjacheslav"]
[Black "Manukian, Artak"]
[WhiteFideId "4153472"]
[BlackFideId "13301373"]
[WhiteElo "2469"]
[BlackElo "2130"]
[Result "1-0"]
[Round "06"]
[TimeControl "180+2"]
[Date "2023.03.14"]
[WhiteClock "0:00:52"]
[BlackClock "0:01:49"]

1. d4 d5 2. Bf4 Nf6 3. e3 Bg4 4. f3 Bh5 5. Nc3 e6 6. Nge2 a6 7. g4 Bg6 8. h4 h5 9. g5 Nfd7 10. Bh2 Bd6 11. Bxd6 cxd6 12. Nf4 Bf5 13. e4 dxe4 14. fxe4 Bg4 15. Be2 Bxe2 16. Qxe2 g6 17. O-O-O O-O 18. Nxh5 gxh5 19. Qxh5 Nc6 20. Rhg1 Ne7 21. g6 fxg6 22. Rxg6+ Nxg6 23. Qxg6+ Kh8 24. Qh6+ Kg8 25. Rg1+ Kf7 26. Rg7+ 1-0


[Site "https://www.chess.com"]

[Event "Titled Tuesday Blitz March 14 Early 2023"]
[White "Papasimakopoulos, Alexandros"]
[Black "Pham, Le Thao Nguyen"]
[WhiteFideId "4244125"]
[BlackFideId "12401226"]
[WhiteElo "2359"]
[BlackElo "2282"]
[Result "1-0"]
[Round "06"]
[TimeControl "180+2"]
[Date "2023.03.14"]
[WhiteClock "0:01:12"]
[BlackClock "0:00:01"]

1. d4 Nf6 2. c4 e6 3. Nc3 Bb4 4. g3 O-O 5. Bg2 d6 6. Nf3 Nbd7 7. O-O Bxc3 8. bxc3 e5 9. a4 a5 10. Ba3 Re8 11. c5 e4 12. Ne1 dxc5 13. dxc5 Ne5 14. Qd4 Nc6 15. Qc4 Be6 16. Qb5 Rb8 17. Nc2 Qd2 18. Nd4 Bd7 19. Qb2 Qxb2 20. Bxb2 Ne5 21. Rfd1 Nc4 22. Bc1 Bc6 23. Bf4 Nd5 24. Nxc6 bxc6 25. Rd4 Nb2 26. Rxe4 Nxc3 27. Rxe8+ Rxe8 28. e3 Ne4 29. Rb1 g5 30. Bxe4 1-0


[Site "https://www.chess.com"]

[Event "Titled Tuesday Blitz March 14 Early 2023"]
[White "Kim, Sergey"]
[Black "Cheng, Xiao"]
[WhiteFideId "13700570"]
[BlackFideId "2022915"]
[WhiteElo "2620"]
[BlackElo "2479"]
[Result "1/2-1/2"]
[Round "06"]
[TimeControl "180+2"]
[Date "2023.03.14"]
[WhiteClock "0:00:20"]
[BlackClock "0:00:42"]

1. d4 Nf6 2. c4 e6 3. Nc3 Bb4 4. Qc2 d5 5. a3 Bxc3+ 6. Qxc3 Ne4 7. Qc2 c5 8. dxc5 Nc6 9. Nf3 Qa5+ 10. Bd2 Nxd2 11. Nxd2 Qxc5 12. e3 d4 13. b4 Qe5 14. Nf3 Qf6 15. exd4 Nxd4 16. Nxd4 Qxd4 17. Rd1 Qe5+ 18. Be2 O-O 19. O-O Qf6 20. Bf3 e5 21. c5 Bf5 22. Qc3 e4 23. Qxf6 gxf6 24. Be2 Rfd8 25. g4 Be6 26. Kg2 f5 27. gxf5 Bxf5 28. Kg3 Kg7 29. Kf4 Kf6 30. Bc4 Bg6 31. Bd5 Rab8 32. Bxe4 Bxe4 33. Kxe4 Re8+ 34. Kf4 Rbd8 35. Kf3 a5 36. b5 Rc8 37. Rd6+ Re6 38. Rd5 Re5 39. Rd6+ Ke7 40. Rb6 Rc7 41. Rc1 Rexc5 42. Rxc5 Rxc5 43. Rxb7+ Ke6 44. Ke4 Rc3 45. Kd4 Rxa3 46. Kc5 Rc3+ 47. Kb6 a4 48. Ra7 Rc2 49. Rxa4 Rxf2 50. h4 f5 51. Ra7 h6 52. Rh7 Kf6 53. Rxh6+ Kg7 54. Rh5 Kg6 55. Rg5+ Kf6 56. Rg8 Rh2 57. Rh8 Kg7 58. Rh5 Kg6 59. Rg5+ Kf6 60. Rh5 Kg6 61. Rg5+ Kf6 62. Rh5 Kg6 1/2-1/2


[Site "https://www.chess.com"]

[Event "Titled Tuesday Blitz March 14 Early 2023"]
[White "Akhmedinov, Satbek"]
[Black "Skatchkov, Pavel"]
[WhiteFideId "13714287"]
[BlackFideId "4121848"]
[WhiteElo "2090"]
[BlackElo "2476"]
[Result "1-0"]
[Round "06"]
[TimeControl "180+2"]
[Date "2023.03.14"]
[WhiteClock "0:00:12"]
[BlackClock "0:00:18"]

1. e4 e5 2. Nf3 d5 3. exd5 e4 4. Qe2 Nf6 5. d3 Qxd5 6. Nc3 Bb4 7. Bd2 Bxc3 8. Bxc3 O-O 9. Ne5 Re8 10. O-O-O Qxa2 11. dxe4 Nc6 12. Nxc6 bxc6 13. b3 Bg4 14. f3 Nxe4 15. Qc4 Nxc3 16. Qxc3 Bf5 17. Bc4 a5 18. Qb2 Qxb2+ 19. Kxb2 a4 20. bxa4 Rxa4 21. Bb3 Raa8 22. Rhe1 Kf8 23. Rxe8+ Rxe8 24. h4 Re2 25. g4 Be6 26. Bxe6 Rxe6 27. Rd8+ Ke7 28. Rg8 g6 29. Rh8 Rf6 30. Rxh7 Rxf3 31. h5 gxh5 32. gxh5 Rh3 33. Rh6 c5 34. c3 f6 35. Kb3 Rh4 36. Rh7+ Kd6 37. h6 f5 38. Rf7 Ke6 39. Rxc7 Rxh6 40. Rc6+ Ke5 41. Rxh6 f4 42. Kc2 Ke4 43. Kd2 f3 44. Re6+ Kf4 45. Rf6+ Ke4 46. c4 Kd4 47. Rf4+ Ke5 48. Rxf3 Kd4 49. Rf4+ Ke5 50. Ke3 1-0


[Site "https://www.chess.com"]

[Event "Titled Tuesday Blitz March 14 Early 2023"]
[White "Prokofiev, Valentyn"]
[Black "Senft, Sean"]
[WhiteFideId "14160161"]
[BlackFideId "2044960"]
[WhiteElo "2260"]
[BlackElo "1989"]
[Result "1-0"]
[Round "06"]
[TimeControl "180+2"]
[Date "2023.03.14"]
[WhiteClock "0:00:02"]
[BlackClock "0:00:07"]

1. d4 d5 2. Nf3 Nf6 3. c4 c6 4. Qc2 g6 5. cxd5 cxd5 6. Nc3 Nc6 7. Bf4 Bf5 8. Qb3 Qb6 9. e3 Qxb3 10. axb3 Bg7 11. Bb5 O-O 12. Ne5 Nxe5 13. Bxe5 a6 14. Be2 Be6 15. f3 Nd7 16. Bg3 Nb6 17. Kf2 f6 18. Ra5 Rac8 19. Bd3 Bf7 20. b4 Nc4 21. Ra2 e5 22. dxe5 fxe5 23. Rd1 d4 24. exd4 exd4 25. Ne4 Ne3 26. Rda1 Bxa2 27. Rxa2 Rc1 28. Bd6 Rfc8 29. Bc5 Rd1 30. Be2 Rh1 31. Nd6 Rc7 32. Nc4 Nxc4 33. Bxc4+ Kh8 34. Bd3 Kg8 35. b3 Bf8 36. Bc4+ Kg7 37. Bxd4+ Kh6 38. Re2 Bxb4 39. Re5 Rd1 40. Be3+ Kg7 41. h4 h5 42. g4 Bd2 43. Bb6 Rd7 44. gxh5 Be1+ 45. Rxe1 R1d2+ 46. Re2 R2d6 47. h6+ Kxh6 48. Be3+ Kh7 49. Bg5 b5 50. Be6 Rb7 51. Bg4 a5 52. f4 a4 53. f5 gxf5 54. Bxf5+ Kg7 55. Kg3 axb3 56. Rb2 b4 57. Rxb3 Rbb6 58. Bf4 Rdc6 59. Be5+ Kh6 60. Kf4 Rc4+ 61. Be4 Rb5 62. Rg3 Rb8 63. Rg6+ Kh5 64. Rg5+ Kh6 65. Bg7# 1-0


[Site "https://www.chess.com"]

[Event "Titled Tuesday Blitz March 14 Early 2023"]
[White "Vlassov, Nikolai"]
[Black "Bas Mas, Jose Joaquin"]
[WhiteFideId "4103360"]
[BlackFideId "22219064"]
[WhiteElo "2324"]
[BlackElo "2233"]
[Result "1-0"]
[Round "06"]
[TimeControl "180+2"]
[Date "2023.03.14"]
[WhiteClock "0:00:07"]
[BlackClock "0:00:25"]

1. e4 e6 2. c4 d5 3. cxd5 exd5 4. Qb3 dxe4 5. Bc4 Qf6 6. Nc3 Nc6 7. Nge2 Rb8 8. Nxe4 Qe7 9. d3 Qb4+ 10. N2c3 Qxb3 11. Bxb3 Be7 12. Nd5 Bd8 13. Bf4 Nge7 14. Bxc7 Bxc7 15. Nxc7+ Kd7 16. Nb5 b6 17. Bxf7 Rf8 18. Bb3 Ba6 19. Ba4 Rf5 20. Nd4 Rd5 21. Nxc6 Nxc6 22. O-O-O Bb5 23. Bxb5 Rxb5 24. Nc3 Rg5 25. g3 Nd4 26. f4 Rc5 27. Kb1 b5 28. Rhe1 Rbc8 29. Rc1 a6 30. Ne4 Rxc1+ 31. Rxc1 Rxc1+ 32. Kxc1 Nf3 33. h4 Nd4 34. Kd2 Kc6 35. h5 h6 36. Ke3 Nc2+ 37. Kf3 Nd4+ 38. Kf2 a5 39. g4 Kd5 40. g5 Nf5 41. Kf3 Kd4 42. Nf2 a4 43. a3 Ne7 44. Kg4 Nd5 45. gxh6 gxh6 46. f5 Ne3+ 47. Kf4 Nc2 48. f6 Nxa3 49. f7 Nc4 50. dxc4 b4 51. f8=Q a3 52. Qxb4 1-0


[Site "https://www.chess.com"]

[Event "Titled Tuesday Blitz March 14 Early 2023"]
[White "Postny, Evgeny"]
[Black "Matutururu, Maxman"]
[WhiteFideId "2804344"]
[BlackFideId "11004487"]
[WhiteElo "2509"]
[BlackElo "2450"]
[Result "1-0"]
[Round "06"]
[TimeControl "180+2"]
[Date "2023.03.14"]
[WhiteClock "0:02:36"]
[BlackClock "0:02:46"]

1. e4 c5 2. Nf3 d6 3. d4 cxd4 4. Nxd4 Nf6 5. Nc3 a6 6. Bg5 e6 7. Qd3 Be7 8. O-O-O Nbd7 9. f4 O-O 10. h4 Qa5 11. g4 b5 12. Nc6 1-0


[Site "https://www.chess.com"]

[Event "Titled Tuesday Blitz March 14 Early 2023"]
[White "Starozhilov, Leonid"]
[Black "Shubenkova, Veronika"]
[WhiteFideId "14106752"]
[BlackFideId "44124040"]
[WhiteElo "2402"]
[BlackElo "2027"]
[Result "1-0"]
[Round "06"]
[TimeControl "180+2"]
[Date "2023.03.14"]
[WhiteClock "0:00:19"]
[BlackClock "0:01:21"]

1. e4 e6 2. d4 d5 3. Nc3 Nf6 4. Bg5 Be7 5. e5 Nfd7 6. h4 h6 7. Bxe7 Qxe7 8. f4 g6 9. Nf3 a6 10. h5 Nf8 11. hxg6 Nxg6 12. Qd2 c5 13. Bd3 cxd4 14. Nxd4 Nf8 15. f5 Qc7 16. O-O-O Nc6 17. Nxc6 Qxc6 18. Rxh6 Rxh6 19. Qxh6 Bd7 20. Qf6 exf5 21. Bxf5 Qxf6 22. Bxd7+ Nxd7 23. exf6 Nxf6 24. Nxd5 Nxd5 25. Rxd5 Ke7 26. g4 Rg8 27. g5 Rg6 28. c3 Ke6 29. Rc5 Kd6 30. Rf5 Ke6 31. Ra5 Rg8 32. Kc2 Rd8 33. c4 Ke7 34. Re5+ Kf8 35. b4 Kg7 36. c5 Rd4 37. Kc3 Rg4 38. Re7 a5 39. Rxb7 axb4+ 40. Rxb4 Rxg5 41. c6 Rg3+ 42. Kb2 Rg5 43. Rc4 Rb5+ 44. Kc3 Rb8 45. c7 Rc8 46. Kd4 Kf6 47. Kd5 Ke7 48. Kc6 f5 49. Kb7 1-0


[Site "https://www.chess.com"]